 Dungeon Crawl Stone Soup version 0.30-a0-6-g7c9e10e132 (webtiles) character file.

Game seed: 4249139659457154719

214 xian the Chopper (level 5, 0/69 HPs)
             Began as a Draconian Berserker on Aug 23, 2022.
             Was a Believer of Trog.
             Slain by a gnoll
             ... wielding a +0 flail
             ... led by a gnoll bouda
              (3 damage)
             ... on level 4 of the Dungeon.
             The game lasted 00:06:23 (3598 turns).

xian the Chopper (Draconian Berserker)              Turns: 3598, Time: 00:06:23

Health: 0/69       AC: 10    Str: 21    XL:     5   Next: 59%
Magic:  5/5        EV: 13    Int:  7    God:    Trog [**....]
Gold:   79         SH:  0    Dex: 11    Spells: 4/4 levels left

rFire   . . .      SeeInvis .    a - +0 hand axe
rCold   . . .      Faith    .    (no shield)
rNeg    . . .      Spirit   .    (body armour unavailable)
rPois   .          Reflect  .    (helmet restricted)
rElec   .          Harm     .    (no cloak)
rCorr   +          Rampage  .    c - +0 pair of gloves
Will    .....                    (no boots)
Stlth   ..........               (no amulet)
HPRegen 0.21/turn                d - +4 ring of protection
MPRegen 0.09/turn                o - ring of resist corrosion

@: berserking (expiring), weakened, very quick
A: AC +5, unfitting armour, cold-blooded
a: Renounce Religion, Berserk, Trog's Hand


You were on level 4 of the Dungeon.
You worshipped Trog.
Trog was pleased with you.
You visited 1 branch of the dungeon, and saw 4 of its levels.

You collected 79 gold pieces.

Inventory:

Hand Weapons
 a - a +0 hand axe (weapon)
Missiles
 e - 2 poisoned darts (quivered)
Armour
 c - a +0 pair of gloves (worn)
Jewellery
 d - a +4 ring of protection (left hand)
 o - a ring of resist corrosion (right hand)
Scrolls
 b - 3 scrolls of identify {unknown}
 h - 2 scrolls of teleportation {unknown}
 k - 2 scrolls of fear {unknown}
 l - a scroll of blinking {unknown}
 p - a scroll of immolation {unknown}
 q - 2 scrolls of vulnerability {unknown}
Potions
 f - a potion of cancellation {unknown}
 g - a potion of resistance {unknown}
 i - a potion of might {unknown}
 j - 2 potions of haste {unknown}
 m - 2 potions of curing {unknown}
 n - a potion of degeneration {unknown}


   Skills:
 + Level 4.2 Fighting
 + Level 4.8 Axes
 + Level 3.7 Dodging
 + Level 1.2 Stealth


You had 4 spell levels left.
You didn't know any spells.
Your spell library contained the following spells:

 Spells                   Type           Power      Damage    Failure   Level
 Slow                     Hex            0%         N/A       43%         1
 Confusing Touch          Hex            0%         N/A       80%         3
 Vampiric Draining        Necr           0%         2d6       80%         3
 Petrify                  Tmut/Erth      0%         N/A       99%         4
 Metabolic Englaciation   Hex/Ice        0%         N/A       100%        5
 Statue Form              Tmut/Erth      0%         N/A       100%        6


Dungeon Overview and Level Annotations

Branches:
Dungeon (4/15)             Temple (0/1) D:4

Altars:
Ashenzari
Cheibriados
Gozag
Nemelex Xobeh
Qazlal
Uskayaw
Vehumet
Yredelemnul


Innate Abilities, Weirdness & Mutations

Your plain brown scales are hard. (AC +5)
You cannot fit into any form of body armour.
You are cold-blooded and may be slowed by cold attacks.


Message History

* * * LOW HITPOINT WARNING * * *
The gnoll hits you with a +0 flail.
* * * LOW HITPOINT WARNING * * *
Things that are here:
a +0 club; a +0 leather armour; a +0 dagger You slash the gnoll!
You kill the gnoll!
Trog accepts your kill.
You hit the gnoll. x2; The gnoll hits you but does no damage.
The gnoll closely misses you.
You hit the gnoll.
The gnoll is lightly wounded.
You hit the gnoll. You closely miss the gnoll.
The gnoll hits you but does no damage.
You slash the gnoll!
The gnoll is almost dead.
You hit the gnoll. x2; The gnoll hits you but does no damage.
The gnoll barely misses you.
You hit the gnoll.
You kill the gnoll!
Trog accepts your kill.
You barely miss the gnoll. You hit the gnoll. The gnoll barely misses you.
The gnoll hits you with a +0 whip.
* * * LOW HITPOINT WARNING * * *
Unknown command.
The gnoll completely misses you. The gnoll hits you but does no damage.
Items here: ( )) †.
You hit the gnoll but do no damage.
The gnoll is severely wounded.
You hit the gnoll. You completely miss the gnoll.
The gnoll is severely wounded.
You hit the gnoll. The gnoll hits you with a +0 flail!
* * * LOW HITPOINT WARNING * * *
The gnoll barely misses you.
You hit the gnoll but do no damage.
The gnoll is severely wounded.
You completely miss the gnoll.
The gnoll is no longer moving quickly.
The gnoll hits you with a +0 flail.
You die...

. #.......#
##<#.##..#.# >#
#.....#.#
##.###..#.#
#.....# #
#.###..#.#
.....##
#........#
#.#.##
#####..### ##.
#..# ....#####
#..#
.......g#####..#
#.....@).)....#
#.####g######.#
#.# .# ..# ##
####


You could see 2 gnolls.

Vanquished Creatures
  An orc priest (D:2)
  A gnoll bouda (D:4)
  3 gnolls
  3 adders (D:2)
  3 worms
  3 dart slugs
  5 orcs
  4 endoplasms
  5 giant cockroaches
  6 goblins
  5 hobgoblins
  15 jackals
  7 kobolds
  2 quokkas
  4 ball pythons
  A bat (D:1)
  8 frilled lizards
  4 rats
80 creatures vanquished.

Vanquished Creatures (others)
  8 plants (D:1)
8 creatures vanquished.

Grand Total: 88 creatures vanquished

Notes
Turn   | Place    | Note
-------+----------+-------------------------------------------
     0 | D:1      | xian the Draconian Berserker began the quest for the Orb.
     0 | D:1      | Reached XP level 1. HP: 19/19 MP: 1/1
   474 | D:1      | Reached XP level 2. HP: 21/26 MP: 2/2
  1218 | D:1      | Reached XP level 3. HP: 33/33 MP: 3/3
  1534 | D:2      | Reached ** piety under Trog
  1700 | D:2      | Found a faded altar of an unknown god.
  1850 | D:2      | Reached XP level 4. HP: 36/40 MP: 4/4
  2575 | D:3      | Reached XP level 5. HP: 46/46 MP: 5/5
  2691 | D:3      | Found a stormy altar of Qazlal.
  2693 | D:3      | Found a hide-covered altar of Uskayaw.
  3016 | D:3      | Reached skill level 1 in Stealth
  3046 | D:3      | Found a basalt altar of Yredelemnul.
  3048 | D:3      | Found a broken altar of Ashenzari.
  3053 | D:3      | Found an opulent altar of Gozag.
  3056 | D:3      | Found a sparkling altar of Nemelex Xobeh.
  3059 | D:3      | Found a snail-covered altar of Cheibriados.
  3060 | D:3      | Found a radiant altar of Vehumet.
  3486 | D:4      | Found a staircase to the Ecumenical Temple.
  3597 | D:4      | HP: 3/69 [gnoll/+0 flail[a gnoll bouda] (10)]
  3598 | D:4      | Slain by a gnoll

Illustrated notes

Levels and vault maps discovered:
D:1:      dpeg_arrival_tiny_g, layout_loops_corners, serial_co_window_serial,
          co_window_corner_a, co_window_paths_a, co_window_paths_b,
          co_window_paths_b, co_window_cross_1, co_window_broadway_c,
          co_window_unsneaky_path_c, co_window_2corner,
          co_window_unsneaky_path_a, co_window_broadway_a, co_window_2corner,
          glass_columns_c, glass_columns_a, glass_columns_a, glass_columns_b,
          minmay_misc_feat_tiny, lexackson_kobold_supper
D:2:      layout_basic, basic_ecumenical_altar
D:3:      layout_basic, nicolae_overflow_hallway_of_the_gods
D:4:      layout_loops_ring, temple_statues, gammafunk_ghost_smash,
          uniq_crazy_yiuf_cottage

Skill      XL: |  1  2  3  4  5 |
---------------+----------------+-----
Dodging        | 3 |  3.7
Fighting       | 4 |  4.2
Axes           | 4 |  4.8
Stealth        | 1 |  1.2

Action                   |  1- 3 |  4- 6 || total
-------------------------+-------+-------++-------
Melee: Hand axe          |   126 |   127 ||   253
       Tailslap          |    14 |    15 ||    29
       Punch             |       |     1 ||     1
Invok: Berserk           |     1 |     2 ||     3
 Stab: Sleeping          |       |     5 ||     5
Armor: Skin              |    38 |    42 ||    80
Dodge: Dodged            |    86 |    82 ||   168

Table legend: (Time is in decaauts)
 A = Elapsed time spent in this place.
 B = Non-inter-level travel time spent in this place.
 C = Inter-level travel time spent in this place.
 D = Time resting spent in this place.
 E = Time spent auto-exploring this place.
 F = Levels seen in this place.
 G = Mean time per level.
                   A        B        C        D        E       F      G
               +--------+--------+--------+--------+--------+-----+--------+
         Total |   3633 |   3514 |    119 |      0 |   2681 |   4 |  908.2 |
       Dungeon |   3633 |   3514 |    119 |      0 |   2681 |   4 |  908.2 |
               +--------+--------+--------+--------+--------+-----+--------+

Top non-repeatable levels by time:
     D:1: 1531 daAuts
     D:2: 1008 daAuts
     D:3: 841 daAuts
     D:4: 252 daAuts
